 Dungeon Crawl Stone Soup version 0.32-a0-468-g38b2580584 (webtiles) character file.

Game seed: 17885625013499721217

268 Ruich the Apothecary (level 6, -17/36 HPs)
             Began as an Octopode Alchemist on Feb 25, 2024.
             Killed by an exploding ufetubus (31 damage)
             ... ignited by their inner flame
             ... on level 6 of the Dungeon.
             The game lasted 00:09:03 (2895 turns).

Ruich the Apothecary (Octopode Alchemist)           Turns: 2895, Time: 00:09:03

Health: -17/36     AC:  1    Str:  9    XL:     6   Next: 21%
Magic:  6/9        EV: 13    Int: 17    God:
Gold:   140        SH:  0    Dex: 13    Spells: 1/9 levels left

rFire   . . .        (no weapon)
rCold   . . .        (no shield)
rNeg    . . .        (helmet restricted)
rPois   .            (no amulet)
rElec   .            m - ring of resist corrosion
rCorr   +            (no ring)
SInv    .            (no ring)
Will    .....        (no ring)
Stlth   +++          (no ring)
HPRegen 0.26/turn    (no ring)
MPRegen 0.11/turn    (no ring)
                     (no ring)

%: no passive effects
@: no status effects
A: almost no armour, amphibious, 8 rings, camouflage 1, gelatinous body 1,
(nimble swimmer 1), tentacles
a: no special abilities


You were on level 6 of the Dungeon.
You visited 1 branch of the dungeon, and saw 4 of its levels.

You collected 140 gold pieces.


Innate Abilities, Weirdness & Mutations

You cannot wear most types of armour.
You are amphibious.
You can wear up to eight rings at the same time.
Your skin changes colour to match your surroundings (Stealth+).
Your rubbery body absorbs attacks. (AC +1, EV +1)
((You are camouflaged when in or above water. (Stealth+)))
You have tentacles for arms and can constrict up to eight enemies at once.


   Skills:
 - Level 2.0 Dodging
 + Level 4.0 Stealth
 - Level 2.3 Spellcasting
 - Level 2.5 Conjurations
 - Level 1.4 Air Magic
 * Level 5.9 Alchemy


You had one spell level left.
You knew the following spells:

 Your Spells              Type           Power      Damage    Failure   Level
m - Mephitic Cloud        Conj/Alch/Air  13%        N/A       14%         3
o - Olgreb's Toxic Radia  Alch           22%        N/A       16%         4
z - Sting                 Conj/Alch      64%        1d7       3%          1

Your spell library contained the following spells:

 Spells                   Type           Power      Damage    Failure   Level
 Mercury Vapours          Alch/Air       28%        N/A       6%          2
 Sticky Flame             Fire/Alch      12%        2d5       50%         4

Inventory:

Jewellery
 m - a ring of resist corrosion (left tentacle)
Wands
 o - a wand of iceblast (6)
Scrolls
 b - 3 scrolls of enchant weapon {unknown}
 d - 8 scrolls of identify {unknown}
 f - a scroll of vulnerability {unknown}
 j - a scroll of fear {unknown}
 n - a scroll of teleportation {unknown}
Potions
 e - 4 potions of might {unknown}
 g - a potion of curing {@q1}
 h - a potion of mutation {unknown}
 i - 3 potions of haste {@q3}
 k - 2 potions of lignification {unknown}
 l - a potion of attraction {unknown}

Dungeon Overview and Level Annotations

Branches:
Dungeon (6/15)
 Temple: D:4-7

Altars:
Gozag

g.g.....# #.#
##.# #..#
#.## #.# ##g#
#5☼# #@## #○#
##§# #..#
#.## #### #.#
#..### ##.#
#....### #..#
....
.......##
#..######....


You could see a gnoll (inner flame) and an ufetubus (inner flame).


Message History

Aiming: Mephitic Cloud (quite dangerous; 14% risk of failure)
Press: ? - help, Shift-Dir - straight line, p - ufetubus The ball explodes into a vile cloud!
The stinking cloud engulfs you.
The stinking cloud engulfs the ufetubus.
The stinking cloud engulfs the gnoll.
You hear a shout! x2
The ufetubus closely misses you. The ufetubus misses you.
The ufetubus barely misses you.
* * * LOW HITPOINT WARNING * * *
The ufetubus completely misses you. The ufetubus barely misses you.
The gnoll closely misses you. The ufetubus barely misses you.
Unknown command.
You barely miss the ufetubus. You grab the ufetubus.
The ufetubus is heavily wounded.
You constrict the ufetubus. The ufetubus misses you.
The ufetubus completely misses you.
* * * LOW HITPOINT WARNING * * *
The gnoll barely misses you.
Unknown command.
As you read the scroll labelled CIYWAERCHOUXO, it crumbles to dust.
The creatures around you are filled with an inner flame!
It was a scroll of immolation.
You constrict the ufetubus.
Flame seeps out of the ufetubus.
* * * LOW HITPOINT WARNING * * *
The ufetubus barely misses you.
The ufetubus is engulfed in blazing flames.
The ufetubus explodes!
The fiery explosion engulfs you!!
Ouch! That really hurt!
You die...

Skill      XL: |  1  2  3  4  5 |
---------------+----------------+-----
Alchemy        | 4 5 |  5.9
Conjurations   | 2 |  2.5
Air Magic      | 1 |  1.4
Stealth        | 4 |  4.0
Dodging        | |  2.0
Spellcasting   | |  2.3

Action                     |  1- 3 |  4- 6 || total
---------------------------+-------+-------++-------
  Melee: Unarmed           |       |     4 ||     4
         Constrict         |       |     1 ||     1
         Tentacles         |       |     1 ||     1
   Cast: Sting             |    41 |    43 ||    84
         Olgreb's Toxic Ra |       |     2 ||     2
         Mephitic Cloud    |       |     1 ||     1
  Evoke: Wand              |       |     2 ||     2
    Use: Potion            |       |     4 ||     4
         Scroll            |       |     1 ||     1
 Armour: Skin              |     6 |    19 ||    25
  Dodge: Dodged            |    14 |    37 ||    51

Levels and vault maps discovered:
D:1:      mrwooster_arrival_statue, layout_loops_ring
D:2:      layout_basic, basic_altar, minmay_tetromino_t2, uniq_natasha
D:3:      layout_basic
D:6:      layout_cave_pods, minmay_temple_entry_drinking_statues, eino_curves_02

Notes
Turn   | Place    | Note
-------+----------+-------------------------------------------
     0 | D:1      | Ruich the Octopode Alchemist began the quest for the Orb.
     0 | D:1      | Reached XP level 1. HP: 11/11 MP: 3/3
   214 | D:1      | Reached XP level 2. HP: 17/17 MP: 1/5
   998 | D:2      | Noticed Natasha
  1034 | D:2      | Found an opulent altar of Gozag.
  1267 | D:2      | Reached skill level 4 in Alchemy
  1267 | D:2      | Reached XP level 3. HP: 21/21 MP: 1/6
  1315 | D:2      | Learned a level 3 spell: Mephitic Cloud
  1343 | D:2      | Reached skill level 2 in Conjurations
  1696 | D:2      | Reached XP level 4. HP: 27/27 MP: 2/7
  2042 | D:2      | Killed Natasha
  2043 | D:2      | Reached skill level 1 in Air Magic
  2268 | D:3      | Reached XP level 5. HP: 31/31 MP: 1/8
  2331 | D:3      | Learned a level 4 spell: Olgreb's Toxic Radiance
  2424 | D:3      | Reached skill level 5 in Alchemy
  2718 | D:3      | You fall into a shaft and drop 3 floors!
  2729 | D:6      | Noticed an orc warrior
  2748 | D:6      | Reached skill level 3 in Stealth
  2748 | D:6      | Killed an orc warrior
  2749 | D:6      | Reached skill level 4 in Stealth
  2749 | D:6      | Reached XP level 6. HP: 33/36 MP: 9/9
  2881 | D:6      | Noticed a wyvern
  2895 | D:6      | Killed by an exploding ufetubus... ignited by their inner
                  | flame

Vanquished Creatures
  An orc warrior (D:6)
  A bombardier beetle (D:3)
  An orc wizard (D:6)
  Natasha (D:2)
  4 adders
  An ufetubus (D:6)
  3 dart slugs
  3 orcs (D:6)
  4 ball pythons
  4 bats
  4 endoplasms
  4 giant cockroaches
  2 goblins
  5 hobgoblins
  2 kobolds (D:3)
  3 quokkas
  4 frilled lizards
  4 rats
51 creatures vanquished.

Table legend: (Time is in decaauts)
 A = Elapsed time spent in this place.
 B = Non-inter-level travel time spent in this place.
 C = Inter-level travel time spent in this place.
 D = Time resting spent in this place.
 E = Time spent auto-exploring this place.
 F = Levels seen in this place.
 G = Mean time per level.
                   A        B        C        D        E       F      G
               +--------+--------+--------+--------+--------+-----+--------+
         Total |   2875 |   2840 |     35 |    885 |   1421 |   4 |  718.8 |
       Dungeon |   2875 |   2840 |     35 |    885 |   1421 |   4 |  718.8 |
               +--------+--------+--------+--------+--------+-----+--------+

Top non-repeatable levels by time:
     D:2: 1227 daAuts
     D:1: 864 daAuts
     D:3: 625 daAuts
     D:6: 157 daAuts

Table legend:
 A = Non-vault XP
 B = Vault XP
 C = Vault XP percentage of total XP
 D = Non-vault monster count
 E = Vault monster count
 F = Vault count percentage of total count
                 A         B        C        D         E       F
            +---------+---------+-------+---------+---------+-------
      Total |     351 |      41 |  10.5 |      48 |       3 |   5.9
            +---------+---------+-------+---------+---------+-------
        D:1 |      25 |       0 |   0.0 |      13 |       0 |   0.0
        D:2 |      60 |      41 |  40.6 |      15 |       3 |  16.7
        D:3 |      83 |       0 |   0.0 |      14 |       0 |   0.0
        D:6 |     183 |       0 |   0.0 |       6 |       0 |   0.0
            +---------+---------+-------+---------+---------+-------
